 Dungeon Crawl Stone Soup version 0.29.0-4-gdea44cf6ec (webtiles) character file.

Game seed: 11891400910045477639

18 qw the Chopper (level 2, 0/17 HPs)
             Began as a Tengu Warper on Aug 28, 2022.
             Succumbed to their own poison gas
             ... on level 1 of the Dungeon.
             The game lasted 00:00:05 (1315 turns).

qw the Chopper (Tengu Warper)                       Turns: 1315, Time: 00:00:05

Health: 0/17       AC:  3    Str: 11    XL:     2   Next: 66%
Magic:  6/6        EV: 11    Int: 13    God:
Gold:   16         SH:  0    Dex: 13    Spells: 5/5 levels left

rFire   . . .      SeeInvis .   Y - +0 hand axe
rCold   . . .      Faith    .   (no shield)
rNeg    . . .      Spirit   .   b - +0 leather armour
rPois   .          Reflect  .   (helmet restricted)
rElec   .          Harm     .   (no cloak)
rCorr   .          Rampage  .   (no gloves)
Will    .....                   (boots unavailable)
Stlth   +.........              (no amulet)
HPRegen 0.05/turn               (no ring)
MPRegen 0.10/turn               (no ring)

@: lethally poisoned (0 -> -4), weak-willed
A: beak, talons 3
a: no special abilities


You were on level 1 of the Dungeon.
You visited 1 branch of the dungeon, and saw 1 of its levels.

You collected 50 gold pieces.
You spent 34 gold pieces at shops.


Innate Abilities, Weirdness & Mutations

You have a beak for a mouth.
You have claws for feet.


   Skills:
 - Level 2.0 Fighting
 + Level 3.5 Axes
 - Level 1.0 Throwing
 - Level 1.1 Armour
 - Level 2.1 Dodging
 - Level 2.0 Spellcasting
 - Level 2.4 Translocations


You had 5 spell levels left.
You didn't know any spells.
Your spell library contained the following spells:

 Spells                   Type           Power      Damage    Failure   Level
 Blink                    Tloc           14%        N/A       19%         2
 Gell's Gravitas          Tloc           7%         N/A       36%         3
 Lesser Beckoning         Tloc           7%         N/A       36%         3
 Teleport Other           Tloc           7%         N/A       36%         3
 Manifold Assault         Tloc           7%         N/A       98%         5

Inventory:

Hand Weapons
 d - a +0 mace
 Y - a +0 hand axe (weapon)
Armour
 b - a +0 leather armour (worn)
Potions
 h - a potion of heal wounds {unknown}
 l - a potion of cancellation {unknown}

Dungeon Overview and Level Annotations

Branches:
Dungeon (1/15)

Altars:

Shops:
D:1 *


Message History

As you read the scroll labelled VEITUK SAO, it crumbles to dust.
Magic quickly surges around you.
It was a scroll of vulnerability.
Done exploring.
1305 ||| READING scroll labelled HOMOYG IJYNEISCH.
The air fills with toxic fumes!
As you read the scroll labelled HOMOYG IJYNEISCH, it crumbles to dust.
It was a scroll of poison.
Done exploring.
1306 ||| READING scroll labelled MUHATHR IBETUO.
As you read the scroll labelled MUHATHR IBETUO, it crumbles to dust.
It is a scroll of identify.
Really abort (and waste the scroll)?
Done exploring.
1307 ||| DROPPING scroll of blinking.
You drop a scroll of blinking.
Done exploring.
(D) Dungeon
Where to? (* - list waypoints, ? - help)
What level of the Dungeon? (default 1, ? - help) Sorry, I don't know how to get there.
Done exploring.
1308 ||| Stepping randomly (stuck).
Really walk into that cloud of poison gas?
You are engulfed in poison gas.
You are lethally poisoned!
You feel very sick.
1309 ||| Stepping ~*~*~tactically~*~*~ (cloud).
You feel very sick.
You see here a scroll of blinking.
There is a lethal amount of poison in your body!
You feel sick.
There is a lethal amount of poison in your body!
You feel sick.
There is a lethal amount of poison in your body!
You feel sick.
There is a lethal amount of poison in your body!
You feel sick.
There is a lethal amount of poison in your body!
You feel sick.
There is a lethal amount of poison in your body!
You die...

#.####.#..#.# ##.# #.#
#......#..#.####.####.#
############.#~¤~¤~~~#.#
#>...........+.~~~~~.'.#
#.........####~.....~###
######....# #~~.<.~~#
###..####~.¤¤..~####
#..#.0+.~¤¤~~.+..####
#..#@##¤~¤.~~~##...).
#00¤¤¤####.#####.....
###00¤¤0..........###
##¤0¤############ #####
# ########## #........#
#........# ########
#........#


There were no monsters in sight!

Vanquished Creatures
  4 ball pythons (D:1)
  2 endoplasms (D:1)
  A giant cockroach (D:1)
  2 goblins (D:1)
  A hobgoblin (D:1)
  A quokka (D:1)
  A bat (D:1)
  A frilled lizard (D:1)
  A kobold (D:1)
  2 rats (D:1)
16 creatures vanquished.

Notes
Turn   | Place    | Note
-------+----------+-------------------------------------------
     0 | D:1      | qw the Tengu Warper began the quest for the Orb.
     0 | D:1      | Reached XP level 1. HP: 12/12 MP: 4/4
     0 | D:1      | 0 ||| qw: Version: 0.1-a-89-g26bdef1
     0 | D:1      | 0 ||| qw: Game counter: 3134
     0 | D:1      | 0 ||| qw: Always use a shield: true
     0 | D:1      | 0 ||| qw: God list: Okawaru
     0 | D:1      | 0 ||| qw: Allow faded altars: false
     0 | D:1      | 0 ||| qw: Do Orc after D:15 true
     0 | D:1      | 0 ||| qw: Do second Lair branch before Depths: true
     0 | D:1      | 0 ||| qw: Lair rune preference: random
     0 | D:1      | 0 ||| qw: Plans: Normal
     0 | D:1      | 0 ||| PLANNING D:1-11
   449 | D:1      | Reached XP level 2. HP: 17/17 MP: 6/6
   452 | D:1      | Reached skill level 3 in Axes
   643 | D:1      | 643 ||| DROPPING +0 club.
  1026 | D:1      | Found a faded altar of an unknown god.
  1030 | D:1      | Found Neplovim's Assorted Antiques.
  1038 | D:1      | 1038 ||| BUYING dark potion (16 gold).
  1038 | D:1      | Bought a dark potion for 16 gold pieces
  1038 | D:1      | 1038 ||| BUYING scroll labelled MUHATHR IBETUO (18 gold).
  1038 | D:1      | Bought a scroll labelled MUHATHR IBETUO for 18 gold pieces
  1038 | D:1      | 1038 ||| SHOPLISTING scroll labelled MUHATHR IBETUO (18
                  | gold, have 16).
  1038 | D:1      | 1038 ||| SHOPLISTING scroll labelled VEITUK SAO (18 gold,
                  | have 16).
  1038 | D:1      | 1038 ||| SHOPLISTING shimmering lead amulet (90 gold, have
                  | 16).
  1164 | D:1      | 1164 ||| READING scroll labelled QADUASTUEM.
  1169 | D:1      | 1169 ||| READING scroll labelled ISUEMU TEDDE.
  1170 | D:1      | 1170 ||| READING scroll labelled LOSMEAG WIGGU.
  1303 | D:1      | 1303 ||| READING scroll labelled SUDEGR XATZEIXI.
  1304 | D:1      | 1304 ||| READING scroll labelled VEITUK SAO.
  1305 | D:1      | 1305 ||| READING scroll labelled HOMOYG IJYNEISCH.
  1306 | D:1      | 1306 ||| READING scroll labelled MUHATHR IBETUO.
  1307 | D:1      | 1307 ||| DROPPING scroll of blinking.
  1308 | D:1      | 1308 ||| Stepping randomly (stuck).
  1309 | D:1      | 1309 ||| Stepping ~*~*~tactically~*~*~ (cloud).
  1312 | D:1      | HP: 3/17 [poisoned by you (poison gas)]
  1314 | D:1      | HP: 1/17 [poisoned by you (poison gas)]
  1315 | D:1      | Succumbed to their own poison gas

Levels and vault maps discovered:
D:1:      ncdulo_lavacross, layout_basic, dreamdust_ecumenical_altar_statues,
          serial_shops, shop

Skill      XL: |  1  2 |
---------------+-------+-----
Axes           | 3 |  3.5
Fighting       | |  2.0
Throwing       | |  1.0
Armour         | |  1.1
Dodging        | |  2.1
Spellcasting   | |  2.0
Translocations | |  2.4

Action                   || total
-------------------------++-------
Melee: Hand axe          ||    36
       Kick              ||     7
       Peck              ||     3
Throw: Boomerang         ||     7
  Use: Scroll            ||     7
Armor: Leather armour    ||     9
Dodge: Dodged            ||    18

Table legend:
 A = Non-vault XP
 B = Vault XP
 C = Vault XP percentage of total XP
 D = Non-vault monster count
 E = Vault monster count
 F = Vault count percentage of total count
                 A         B        C        D         E       F
            +---------+---------+-------+---------+---------+-------
      Total |      26 |       0 |   0.0 |      16 |       0 |   0.0
            +---------+---------+-------+---------+---------+-------
        D:1 |      26 |       0 |   0.0 |      16 |       0 |   0.0
            +---------+---------+-------+---------+---------+-------
